 Dungeon Crawl Stone Soup version 0.29-a0-330-g52719c12eb (webtiles) character file.

Game seed: 12643096400602404009

567 Ajdolov the Skirmisher (level 7, -4/76 HPs)
             Began as an Ogre Fighter on Apr 22, 2022.
             Was an Initiate of Ru.
             Shot with an arrow by a centaur (9 damage)
             ... on level 5 of the Dungeon.
             The game lasted 00:05:16 (4868 turns).

Ajdolov the Skirmisher (Ogre Fighter)               Turns: 4868, Time: 00:05:17

Health: -4/76      AC:  3    Str: 23    XL:     7   Next: 33%
Magic:  7/7        EV:  8    Int:  9    God:    Ru [......]
Gold:   123        SH:  7    Dex:  8    Spells: 6/6 levels left

rFire   . . .      SeeInvis +   a - +0 flail
rCold   . . .      Faith    .   c - +0 kite shield
rNeg    . . .      Spirit   .   b - +0 robe
rPois   .          Reflect  .   (helmet restricted)
rElec   .          Harm     .   (no cloak)
rCorr   .          Rampage  .   (gloves unavailable)
Will    +....                   (boots unavailable)
Stlth   +.........              s - amulet of regeneration
HPRegen 1.02/turn               q - ring of willpower
MPRegen 0.10/turn               k - ring of see invisible

@: no status effects
A: large, unfitting armour, tough skin 1
a: Renounce Religion


You were on level 5 of the Dungeon.
You worshipped Ru.
Ru was noncommittal.
You visited 1 branch of the dungeon, and saw 5 of its levels.

You collected 123 gold pieces.

Inventory:

Hand Weapons
 a - a +0 flail (weapon)
Armour
 b - a +0 robe (worn)
 c - a +0 kite shield (worn)
Jewellery
 k - a ring of see invisible (right hand)
 l - a ring of protection from fire
 q - a ring of willpower (left hand)
 s - an amulet of regeneration (around neck)
 u - an amulet of the acrobat
 w - a +6 ring of strength
Wands
 m - a wand of acid (7)
Scrolls
 e - 5 scrolls of magic mapping {unknown}
 h - a scroll of blinking {unknown}
 j - 6 scrolls of identify {unknown}
 n - 2 scrolls of vulnerability {unknown}
 p - a scroll of enchant weapon {unknown}
 r - a scroll of noise {unknown}
 t - a scroll of teleportation {unknown}
Potions
 d - a potion of might
 f - 2 potions of ambrosia {unknown}
 g - 2 potions of curing
 i - 2 potions of haste {unknown}
 o - a potion of attraction {unknown}
 v - a potion of lignification {unknown}


   Skills:
 + Level 6.9 Fighting
 * Level 5.9 Maces & Flails
 - Level 2.6 Dodging
 - Level 2.6 Shields


You had 6 spell levels left.
You didn't know any spells.
Your spell library contained the following spells:

 Spells                   Type           Power      Damage    Failure   Level
 Foxfire                  Conj/Fire      0%         2x1d4     69%         1
 Shock                    Conj/Air       0%         1d3       69%         1
 Ensorcelled Hibernation  Hex/Ice        0%         N/A       83%         2
 Conjure Flame            Conj/Fire      0%         6-21      96%         3
 Inner Flame              Hex/Fire       0%         N/A       96%         3
 Spider Form              Tmut/Pois      0%         N/A       96%         3
 Swiftness                Air            0%         N/A       96%         3
 Airstrike                Air            0%         N/A       100%        4
 Anguish                  Hex/Necr       0%         N/A       100%        4
 Flame Wave               Conj/Fire      0%         2d4       100%        4


Dungeon Overview and Level Annotations

Branches:
Dungeon (5/15)
 Temple: D:4-7

Altars:
Ru
Yredelemnul

Shops:
D:1 (

Annotations:
D:2 1 runed translucent door, Crazy Yiuf


Innate Abilities, Weirdness & Mutations

You are too large for most types of armour.
You have tough skin. (AC +1)


Message History

The centaur attacks as you move away! The centaur hits you.
You block the centaur's attack.
The centaur wields a +0 shortbow.
The centaur shoots an arrow.
The arrow hits you!
You barely miss the sky beast. The sky beast barely misses you.
Unknown command.
You barely miss the sky beast.
The sky beast flickers out of sight!
Deactivating autopickup; reactivate with Ctrl-A.
Something hits you. Something shocks you.
Something hits you but does no damage.
You closely miss something.
The centaur shoots an arrow. x2
The arrow closely misses you. Something hits you. Something shocks you.
* * * LOW HITPOINT WARNING * * *
Unknown command.
You thump something!
The centaur shoots an arrow.
You block the arrow. Something hits you.
* * * LOW HITPOINT WARNING * * *
Something shocks you.
* * * LOW HITPOINT WARNING * * *
You're wearing all the rings you can.
Remove which one? (? for menu, Esc to cancel) < or
q - a ring of willpower; > or
l - a ring of protection from fire You remove your ring of protection from fire.
Something hits you.
* * * LOW HITPOINT WARNING * * *
Something shocks you.
* * * LOW HITPOINT WARNING * * *
The centaur shoots an arrow.
The arrow hits you!
* * * LOW HITPOINT WARNING * * *
Reactivating autopickup.
k - a ring of see invisible (right hand) Unknown command.
It was a potion of curing.
You feel better.
The centaur shoots an arrow.
The arrow barely misses the sky beast.
You block the arrow. The sky beast hits you.
* * * LOW HITPOINT WARNING * * *
The sky beast shocks you.
* * * LOW HITPOINT WARNING * * *
The centaur shoots an arrow.
The arrow closely misses the sky beast.
The arrow hits you!
You die...

#..)...#.#.......
#.....>#.#.......
########.#.......
#######.#.......
#........[......
................
.......c........
.######Y##......
.......@# ......
........# ......
........# .....
......... ...Y.
####..##. #.. .#
... .. .... #.


You could see a sky beast (invisible) and a centaur.

Vanquished Creatures
  Menkaure (D:4)
  2 orc priests
  Jessica (D:3)
  3 iguanas
  3 orc wizards
  2 adders
  7 gnolls
  4 worms (D:2)
  4 dart slugs (D:1)
  9 orcs
  5 ball pythons
  6 bats
  4 endoplasms
  8 giant cockroaches
  5 goblins
  8 hobgoblins
  4 jackals (D:1)
  7 kobolds
  3 quokkas
  7 frilled lizards
  3 rats
  A spectral orc (D:3)
97 creatures vanquished.

Vanquished Creatures (others)
  A plant (D:4)
1 creature vanquished.

Grand Total: 98 creatures vanquished

Notes
Turn   | Place    | Note
-------+----------+-------------------------------------------
     0 | D:1      | Ajdolov the Ogre Fighter began the quest for the Orb.
     0 | D:1      | Reached XP level 1. HP: 24/24 MP: 1/1
    49 | D:1      | Found a faded altar of an unknown god.
    60 | D:1      | Reached XP level 2. HP: 24/32 MP: 2/2
   300 | D:1      | Found Tugedeita's Antique Weapon Shoppe.
   619 | D:1      | Reached XP level 3. HP: 36/40 MP: 3/3
  1461 | D:2      | Found a runed translucent door.
  1462 | D:2      | Noticed Crazy Yiuf
  1753 | D:2      | Reached skill level 5 in Fighting
  1753 | D:2      | Reached XP level 4. HP: 15/50 MP: 4/4
  2551 | D:2      | Reached XP level 5. HP: 47/57 MP: 5/5
  3128 | D:3      | Found a basalt altar of Yredelemnul.
  3546 | D:3      | Noticed Jessica
  3556 | D:3      | Killed Jessica
  3557 | D:3      | Reached XP level 6. HP: 54/67 MP: 6/6
  3800 | D:4      | Noticed Menkaure
  3820 | D:4      | Killed Menkaure
  3821 | D:4      | Reached skill level 6 in Fighting
  3821 | D:4      | Reached skill level 5 in Maces & Flails
  4078 | D:4      | Found a sacrificial altar of Ru.
  4087 | D:4      | Became a worshipper of Ru the Awakened
  4263 | D:4      | Reached XP level 7. HP: 42/76 MP: 7/7
  4711 | D:5      | Entered Level 5 of the Dungeon
  4866 | D:5      | HP: 1/76 [centaur/arrow (9)]
  4868 | D:5      | Shot with an arrow by a centaur

Illustrated notes

Levels and vault maps discovered:
D:1:      dreamdust_arrival_sigmund_warning, layout_loops_ring, serial_shops,
          shop_fountains, shapermc_ecumenical_altar_pompeii, minmay_hexomino_u4
D:2:      cheibrodos_helix_gallery, layout_basic, minmay_worlds_worst_comb,
          uniq_crazy_yiuf_cottage
D:3:      layout_loops_ring, yredelemnul_forgotten_temple_becter, uniq_jessica
D:4:      layout_loops_ring, nicolae_ru_the_path_less_chosen,
          skrybe_limestone_x, uniq_menkaure
D:5:      layout_basic, mainiacjoe_overflow_24_doors, minmay_temple_entry_ruins,
          serial_shops, shop

Skill      XL: |  1  2  3  4  5  6 |
---------------+-------------------+-----
Maces & Flails | 2 3 4 5 |  5.9
Fighting       | 5 6 |  6.9
Dodging        | |  2.6
Shields        | |  2.6

Action                   |  1- 3 |  4- 6 |  7- 9 || total
-------------------------+-------+-------+-------++-------
Melee: Flail             |   128 |   162 |    53 ||   343
Evoke: Wand              |       |     3 |     1 ||     4
  Use: Potion            |       |       |     1 ||     1
 Stab: Sleeping          |       |     1 |       ||     1
Armor: Robe              |    46 |    27 |    12 ||    85
Dodge: Dodged            |    55 |    52 |    19 ||   126
Block: Kite shield       |    48 |    55 |    18 ||   121

Table legend: (Time is in decaauts)
 A = Elapsed time spent in this place.
 B = Non-inter-level travel time spent in this place.
 C = Inter-level travel time spent in this place.
 D = Time resting spent in this place.
 E = Time spent auto-exploring this place.
 F = Levels seen in this place.
 G = Mean time per level.
                   A        B        C        D        E       F      G
               +--------+--------+--------+--------+--------+-----+--------+
         Total |   4981 |   4757 |    224 |    358 |   3471 |   5 |  996.2 |
       Dungeon |   4981 |   4757 |    224 |    358 |   3471 |   5 |  996.2 |
               +--------+--------+--------+--------+--------+-----+--------+

Top non-repeatable levels by time:
     D:2: 1618 daAuts
     D:1: 1315 daAuts
     D:4: 1029 daAuts
     D:3: 850 daAuts
     D:5: 166 daAuts
